[ AOE2 MATCH · #505606528 ]
UnrankedArmenians vs Bengalis
Player's team · WIN
Rival team · LOSS
[ REPLAY ANALYSIS · EXTRACTED FROM THE RECORDED GAME ]
Feudal
9:41
Castle
13:11
Imperial
—
| APM avg | 54.1 |
| APM peak | 98 |
| eAPM avg | 28.2 |
| Villagers / military | 87 / 45 |
Focus
⚔️ 35.6% · 🌾 64.4%
Warrior Priest ×43 · Battering Ram ×2
Feudal
8:31
Castle
—
Imperial
—
| APM avg | 59.4 |
| APM peak | 112 |
| eAPM avg | 28.0 |
| Villagers / military | 63 / 35 |
Focus
⚔️ 28.9% · 🌾 71.1%
Scout Cavalry ×35
Match map
Initial resources + every placement click. Lines = walls · curves = elevation contours. ◆ gold · ⬟ stone · ● berries · ✦ relic · ◌ wall gap
Your base· ✓ Closed at 13:11 · 6t walls · 2 gate(s)
[CL] Rey Enigmaaa's base· ✓ Closed at 12:00 · 2t walls · 3 gate(s)
Smoothed initial terrain · ◌ = detected wall gap · hover for details
Inputs per minute
— Hoanginator - - [CL] Rey Enigmaaa
Build order — Hoanginator
First 150 of 207 actions detected
| 0:01 | Queue | Villager (Male) |
| 0:02 | Build | House |
| 0:03 | Build | House |
| 0:18 | Queue | Villager (Male) |
| 0:19 | Queue | Villager (Male) |
| 0:43 | Queue | Villager (Male) |
| 0:43 | Queue | Villager (Male) |
| 0:44 | Queue | Villager (Male) |
| 1:25 | Queue | Villager (Male) |
| 1:26 | Queue | Villager (Male) |
| 1:26 | Queue | Villager (Male) |
| 1:51 | Build | Mule Cart |
| 1:59 | Queue | Villager (Male) |
| 1:59 | Queue | Villager (Male) |
| 1:59 | Queue | Villager (Male) |
| 2:15 | Queue | Villager (Male) |
| 2:15 | Queue | Villager (Male) |
| 2:15 | Queue | Villager (Male) |
| 2:39 | Build | House |
| 2:46 | Queue | Villager (Male) |
| 2:46 | Queue | Villager (Male) |
| 3:10 | Queue | Villager (Male) |
| 3:10 | Queue | Villager (Male) |
| 3:40 | Queue | Villager (Male) |
| 3:59 | Build | Mule Cart |
| 4:04 | Queue | Villager (Male) |
| 4:04 | Queue | Villager (Male) |
| 4:04 | Queue | Villager (Male) |
| 4:33 | Queue | Villager (Male) |
| 4:34 | Queue | Villager (Male) |
| 4:34 | Queue | Villager (Male) |
| 4:44 | Build | House |
| 4:56 | Queue | Villager (Male) |
| 4:56 | Queue | Villager (Male) |
| 4:56 | Queue | Villager (Male) |
| 5:04 | Queue | Villager (Male) |
| 5:04 | Queue | Villager (Male) |
| 5:04 | Queue | Villager (Male) |
| 5:22 | Queue | Villager (Male) |
| 5:23 | Queue | Villager (Male) |
| 5:35 | Build | Mill |
| 5:59 | Queue | Villager (Male) |
| 6:00 | Queue | Villager (Male) |
| 6:00 | Queue | Villager (Male) |
| 6:14 | Queue | Villager (Male) |
| 6:14 | Queue | Villager (Male) |
| 6:53 | Queue | Villager (Male) |
| 6:53 | Queue | Villager (Male) |
| 7:10 | Queue | Villager (Male) |
| 7:26 | Research | Feudal Age |
| 7:26 | Research | Feudal Age |
| 8:54 | Research | Loom |
| 8:55 | Research | Loom |
| 9:41 | Age | Feudal Age |
| 9:49 | Build | Market |
| 9:52 | Build | Blacksmith |
| 10:04 | Queue | Villager (Male) |
| 10:20 | Research | Castle Age |
| 10:20 | Research | Castle Age |
| 10:26 | Build | House |
| 10:29 | Build | Palisade Wall |
| 10:30 | Build | Palisade Wall |
| 10:31 | Build | Palisade Wall |
| 10:35 | Build | Palisade Wall |
| 10:50 | Research | Double-Bit Axe |
| 11:15 | Build | Mule Cart |
| 11:34 | Build | House |
| 11:46 | Build | Palisade Wall |
| 12:04 | Build | Palisade Wall |
| 13:11 | Age | Castle Age |
| 13:12 | Build | Monastery |
| 13:25 | Build | Monastery |
| 13:40 | Queue | Warrior Priest |
| 13:41 | Queue | Warrior Priest |
| 14:12 | Build | Palisade Wall |
| 14:20 | Build | Palisade Wall |
| 14:27 | Build | Palisade Wall |
| 14:32 | Build | Palisade Wall |
| 14:34 | Build | Palisade Wall |
| 14:35 | Build | Palisade Wall |
| 14:48 | Queue | Villager (Male) |
| 14:48 | Queue | Villager (Male) |
| 15:15 | Queue | Warrior Priest |
| 15:16 | Queue | Warrior Priest |
| 15:19 | Build | Farm |
| 15:21 | Build | Farm |
| 15:26 | Queue | Warrior Priest |
| 15:26 | Queue | Warrior Priest |
| 15:52 | Build | Farm |
| 15:55 | Queue | Villager (Male) |
| 15:55 | Queue | Villager (Male) |
| 16:10 | Queue | Warrior Priest |
| 16:10 | Queue | Warrior Priest |
| 17:33 | Queue | Warrior Priest |
| 17:33 | Queue | Warrior Priest |
| 17:34 | Queue | Warrior Priest |
| 17:34 | Queue | Warrior Priest |
| 17:34 | Queue | Warrior Priest |
| 17:54 | Research | Sanctity |
| 17:54 | Research | Sanctity |
| 17:59 | Queue | Villager (Male) |
| 17:59 | Queue | Villager (Male) |
| 17:59 | Queue | Villager (Male) |
| 18:03 | Build | Farm |
| 18:05 | Build | Farm |
| 18:06 | Build | Farm |
| 18:06 | Build | Farm |
| 18:06 | Build | Farm |
| 18:06 | Build | Farm |
| 18:34 | Queue | Warrior Priest |
| 18:34 | Queue | Warrior Priest |
| 18:34 | Queue | Warrior Priest |
| 19:33 | Queue | Villager (Male) |
| 19:33 | Queue | Villager (Male) |
| 19:49 | Queue | Villager (Male) |
| 19:49 | Queue | Villager (Male) |
| 20:35 | Queue | Warrior Priest |
| 20:36 | Queue | Warrior Priest |
| 20:36 | Queue | Warrior Priest |
| 20:36 | Queue | Warrior Priest |
| 20:52 | Queue | Villager (Male) |
| 20:53 | Queue | Villager (Male) |
| 20:53 | Queue | Villager (Male) |
| 20:59 | Queue | Warrior Priest |
| 20:59 | Queue | Warrior Priest |
| 20:59 | Queue | Warrior Priest |
| 21:00 | Queue | Warrior Priest |
| 21:00 | Queue | Warrior Priest |
| 21:09 | Build | Monastery |
| 21:12 | Queue | Villager (Male) |
| 21:12 | Queue | Villager (Male) |
| 21:12 | Queue | Villager (Male) |
| 21:13 | Queue | Villager (Male) |
| 21:18 | Build | Farm |
| 21:23 | Build | Farm |
| 21:26 | Queue | Villager (Male) |
| 21:26 | Queue | Villager (Male) |
| 21:32 | Queue | Villager (Male) |
| 21:33 | Queue | Villager (Male) |
| 21:41 | Research | Redemption |
| 21:44 | Queue | Warrior Priest |
| 21:44 | Queue | Warrior Priest |
| 21:44 | Queue | Warrior Priest |
| 21:44 | Queue | Warrior Priest |
| 21:45 | Queue | Warrior Priest |
| 21:59 | Build | House |
| 22:00 | Queue | Villager (Male) |
| 22:00 | Queue | Villager (Male) |
| 22:06 | Build | House |
| 22:08 | Build | House |
Build order — [CL] Rey Enigmaaa
First 150 of 222 actions detected
| 0:03 | Queue | Villager (Male) |
| 0:03 | Queue | Villager (Male) |
| 0:04 | Build | House |
| 0:05 | Build | House |
| 0:41 | Queue | Villager (Male) |
| 1:17 | Queue | Villager (Male) |
| 1:19 | Queue | Villager (Male) |
| 2:01 | Queue | Villager (Male) |
| 2:02 | Queue | Villager (Male) |
| 2:24 | Queue | Villager (Male) |
| 2:34 | Queue | Villager (Male) |
| 2:53 | Build | Lumber Camp |
| 3:06 | Queue | Villager (Male) |
| 3:32 | Build | House |
| 3:33 | Build | House |
| 3:39 | Queue | Villager (Male) |
| 3:56 | Queue | Villager (Male) |
| 4:24 | Queue | Villager (Male) |
| 4:54 | Queue | Villager (Male) |
| 5:26 | Queue | Villager (Male) |
| 5:39 | Build | Mill |
| 5:40 | Research | Loom |
| 5:40 | Research | Loom |
| 6:21 | Research | Feudal Age |
| 6:21 | Research | Feudal Age |
| 6:21 | Research | Feudal Age |
| 7:15 | Build | Palisade Wall |
| 7:20 | Build | Mining Camp |
| 7:30 | Queue | Villager (Male) |
| 8:10 | Build | Outpost |
| 8:16 | Build | House |
| 8:31 | Age | Feudal Age |
| 8:37 | Build | Watch Tower |
| 8:56 | Build | Palisade Wall |
| 8:59 | Research | Town Watch |
| 8:59 | Research | Town Watch |
| 9:01 | Research | Double-Bit Axe |
| 9:02 | Research | Double-Bit Axe |
| 9:20 | Queue | Villager (Male) |
| 9:32 | Research | Horse Collar |
| 9:33 | Research | Horse Collar |
| 9:47 | Queue | Villager (Male) |
| 10:08 | Queue | Villager (Male) |
| 10:20 | Build | Farm |
| 10:30 | Queue | Villager (Male) |
| 10:32 | Build | Farm |
| 10:48 | Build | Farm |
| 10:55 | Queue | Villager (Male) |
| 11:12 | Build | Farm |
| 11:14 | Queue | Villager (Male) |
| 11:30 | Build | Outpost |
| 11:36 | Build | Farm |
| 11:44 | Queue | Villager (Male) |
| 11:52 | Build | Palisade Gate |
| 12:03 | Build | House |
| 12:04 | Build | House |
| 12:15 | Queue | Villager (Male) |
| 12:21 | Build | Stone Wall |
| 12:22 | Build | Stone Wall |
| 12:23 | Build | Stone Wall |
| 12:25 | Build | Stone Wall |
| 12:26 | Build | Stone Wall |
| 12:29 | Queue | Villager (Male) |
| 12:33 | Build | Watch Tower |
| 12:43 | Queue | Villager (Male) |
| 13:04 | Build | Barracks |
| 13:11 | Build | Outpost |
| 13:29 | Queue | Villager (Male) |
| 13:48 | Build | Watch Tower |
| 13:49 | Queue | Villager (Male) |
| 14:00 | Queue | Villager (Male) |
| 14:30 | Build | Stable |
| 14:46 | Build | House |
| 14:49 | Build | Palisade Wall |
| 14:50 | Build | Palisade Wall |
| 14:51 | Build | Palisade Wall |
| 14:52 | Build | House |
| 14:53 | Build | House |
| 14:54 | Queue | Villager (Male) |
| 15:20 | Queue | Scout Cavalry |
| 15:22 | Queue | Villager (Male) |
| 15:36 | Queue | Villager (Male) |
| 15:47 | Queue | Scout Cavalry |
| 15:54 | Build | Palisade Wall |
| 15:56 | Build | Palisade Wall |
| 15:58 | Build | Lumber Camp |
| 16:00 | Queue | Villager (Male) |
| 16:05 | Build | Watch Tower |
| 16:15 | Research | Wheelbarrow |
| 16:17 | Queue | Scout Cavalry |
| 16:22 | Build | Farm |
| 16:22 | Build | Farm |
| 16:22 | Build | Farm |
| 16:38 | Build | Palisade Wall |
| 16:40 | Build | Palisade Wall |
| 16:41 | Build | Palisade Wall |
| 16:42 | Build | Palisade Wall |
| 16:44 | Build | Palisade Wall |
| 16:47 | Queue | Villager (Male) |
| 16:54 | Queue | Scout Cavalry |
| 17:04 | Queue | Villager (Male) |
| 17:12 | Build | House |
| 17:18 | Build | Farm |
| 17:41 | Queue | Villager (Male) |
| 17:49 | Queue | Scout Cavalry |
| 17:50 | Queue | Scout Cavalry |
| 17:54 | Build | Farm |
| 17:55 | Build | Farm |
| 18:14 | Queue | Scout Cavalry |
| 18:18 | Build | Farm |
| 18:36 | Queue | Scout Cavalry |
| 18:50 | Queue | Villager (Male) |
| 18:54 | Build | House |
| 18:57 | Build | House |
| 19:00 | Queue | Scout Cavalry |
| 19:04 | Queue | Villager (Male) |
| 19:14 | Build | Farm |
| 19:32 | Build | Stone Wall |
| 19:34 | Build | Stone Wall |
| 19:35 | Build | Stone Wall |
| 19:35 | Queue | Villager (Male) |
| 19:37 | Build | Watch Tower |
| 19:40 | Queue | Scout Cavalry |
| 20:13 | Queue | Scout Cavalry |
| 20:16 | Build | Farm |
| 20:18 | Build | Farm |
| 20:20 | Build | Farm |
| 20:20 | Build | Farm |
| 20:21 | Queue | Villager (Male) |
| 20:29 | Queue | Villager (Male) |
| 20:39 | Queue | Villager (Male) |
| 20:49 | Queue | Villager (Male) |
| 20:58 | Build | Farm |
| 21:03 | Queue | Scout Cavalry |
| 21:23 | Build | Outpost |
| 21:23 | Build | Outpost |
| 21:27 | Queue | Scout Cavalry |
| 21:32 | Queue | Villager (Male) |
| 21:37 | Build | Market |
| 21:39 | Build | House |
| 21:47 | Build | Mining Camp |
| 21:59 | Queue | Villager (Male) |
| 22:03 | Build | Outpost |
| 22:04 | Build | Outpost |
| 22:18 | Queue | Villager (Male) |
| 22:40 | Queue | Scout Cavalry |
| 22:41 | Queue | Villager (Male) |
| 22:57 | Queue | Villager (Male) |
| 23:02 | Queue | Scout Cavalry |
| 23:11 | Build | House |
Match timeline
| 7:15 | [CL] Rey Enigmaaa · wall_segment Palisade Wall x1 |
| 8:31 | [CL] Rey Enigmaaa · age_up feudal |
| 8:56 | [CL] Rey Enigmaaa · wall_segment Palisade Wall x1 |
| 9:41 | Hoanginator · age_up feudal |
| 10:19 | Hoanginator · first_market_sell 100 stone |
| 10:29 | Hoanginator · wall_segment Palisade Wall x1 |
| 10:30 | Hoanginator · wall_segment Palisade Wall x1 |
| 10:31 | Hoanginator · wall_segment Palisade Wall x1 |
| 10:35 | Hoanginator · wall_segment Palisade Wall x1 |
| 11:46 | Hoanginator · wall_segment Palisade Wall x1 |
| 12:04 | Hoanginator · wall_segment Palisade Wall x1 |
| 12:21 | [CL] Rey Enigmaaa · wall_segment Stone Wall x1 |
| 12:22 | [CL] Rey Enigmaaa · wall_segment Stone Wall x1 |
| 12:23 | [CL] Rey Enigmaaa · wall_segment Stone Wall x1 |
| 12:25 | [CL] Rey Enigmaaa · wall_segment Stone Wall x1 |
| 12:26 | [CL] Rey Enigmaaa · wall_segment Stone Wall x1 |
| 13:04 | [CL] Rey Enigmaaa · first_building Barracks |
| 13:11 | Hoanginator · age_up castle |
| 13:12 | Hoanginator · first_building Monastery |
| 14:12 | Hoanginator · wall_segment Palisade Wall x1 |
| 14:20 | Hoanginator · wall_segment Palisade Wall x1 |
| 14:27 | Hoanginator · wall_segment Palisade Wall x1 |
| 14:30 | [CL] Rey Enigmaaa · first_building Stable |
| 14:32 | Hoanginator · wall_segment Palisade Wall x1 |
| 14:34 | Hoanginator · wall_segment Palisade Wall x1 |
| 14:35 | Hoanginator · wall_segment Palisade Wall x1 |
| 14:49 | [CL] Rey Enigmaaa · wall_segment Palisade Wall x1 |
| 14:50 | [CL] Rey Enigmaaa · wall_segment Palisade Wall x1 |
| 14:51 | [CL] Rey Enigmaaa · wall_segment Palisade Wall x1 |
| 15:54 | Hoanginator · first_market_buy 100 food |
| 15:54 | [CL] Rey Enigmaaa · wall_segment Palisade Wall x1 |
| 15:56 | [CL] Rey Enigmaaa · wall_segment Palisade Wall x1 |
| 16:38 | [CL] Rey Enigmaaa · wall_segment Palisade Wall x1 |
| 16:40 | [CL] Rey Enigmaaa · wall_segment Palisade Wall x1 |
| 16:41 | [CL] Rey Enigmaaa · wall_segment Palisade Wall x1 |
| 16:42 | [CL] Rey Enigmaaa · wall_segment Palisade Wall x1 |
| 16:44 | [CL] Rey Enigmaaa · wall_segment Palisade Wall x1 |
| 19:32 | [CL] Rey Enigmaaa · wall_segment Stone Wall x1 |
| 19:34 | [CL] Rey Enigmaaa · wall_segment Stone Wall x1 |
| 19:35 | [CL] Rey Enigmaaa · wall_segment Stone Wall x1 |
| 23:12 | [CL] Rey Enigmaaa · wall_segment Stone Wall x1 |
| 25:56 | [CL] Rey Enigmaaa · first_market_buy 100 food |
| 27:49 | Hoanginator · first_building Siege Workshop |
| 27:52 | Hoanginator · wall_segment Palisade Wall x1 |
| 29:36 | [CL] Rey Enigmaaa · resign |
[ AI ANALYSIS · 1 CREDIT ]
What really happened in this match?
Wolo.gg analyzes every decision: build order, eco, micro, common mistakes by bracket. Personalized analysis on WhatsApp or Discord in 30 seconds.
Civ guide
Armenians
Perfil
Jugador #3241077